 Dungeon Crawl Stone Soup version 0.29.0-15-g675c0067aa (webtiles) character file.

Game seed: 2149584630896315713

32209 qw the Severer (level 13, 0/189 HPs)
             Began as a Minotaur Berserker on Sept 11, 2022.
             Was an Elder of Trog.
             Slain by a wolf (1 damage)
             ... on level 4 of the Lair of Beasts.
             The game lasted 00:05:12 (17811 turns).

qw the Severer (Minotaur Berserker)                Turns: 17811, Time: 00:05:12

Health: 0/189      AC: 19    Str: 27    XL:     13   Next: 30%
Magic:  0/12       EV:  9    Int:  4    God:    Trog [****..]
Gold:   528        SH:  0    Dex: 10    Spells: 12/12 levels left

rFire   . . .      SeeInvis .   n - +0 flail (vorpal)
rCold   + . .      Faith    .   (no shield)
rNeg    + + .      Spirit   +   q - +0 plate armour
rPois   +          Reflect  .   (helmet restricted)
rElec   .          Harm     .   h - +0 cloak {rPois}
rCorr   .          Rampage  .   (no gloves)
Will    .....                   a - +0 pair of boots
Stlth   ..........              o - amulet of guardian spirit
HPRegen 0.41/turn               c - ring of positive energy
MPRegen 0.13/turn               f - ring of positive energy

@: berserking, very quick
A: horns 2, retaliatory headbutt, cold resistance 1, MP-powered wands
a: Renounce Religion, Berserk, Trog's Hand, Brothers in Arms


You were on level 4 of the Lair of Beasts.
You worshipped Trog.
Trog was greatly pleased with you.
You visited 2 branches of the dungeon, and saw 12 of its levels.
You also visited: Sewer.

You collected 528 gold pieces.


Innate Abilities, Weirdness & Mutations

You have a pair of horns on your head.
You reflexively headbutt those who attack you in melee.
Your flesh is cold resistant. (rC+)
You expend magic power (3 MP) to strengthen your wands.


   Skills:
 - Level 15.0 Fighting
 - Level 18.0 Axes
 - Level 2.1 Throwing
 + Level 13.2 Armour
 - Level 6.0 Dodging


You had 12 spell levels left.
You didn't know any spells.
Your spell library was empty.

Inventory:

Hand Weapons
 n - a +0 vorpal flail (weapon)
 Y - a +4 vorpal broad axe
Armour
 a - a +0 pair of boots (worn)
 h - a +0 cloak of poison resistance (worn)
 p - a +2 cloak
 q - a +0 plate armour (worn)
Jewellery
 c - a ring of positive energy (left hand)
 f - a ring of positive energy (right hand)
 m - a ring of ice
 o - an amulet of guardian spirit (around neck)
Scrolls
 d - 5 scrolls of teleportation
 j - 3 scrolls of identify
Potions
 b - 3 potions of mutation
 e - 2 potions of haste
 i - 2 potions of curing
 k - 3 potions of might
 l - 2 potions of heal wounds

Dungeon Overview and Level Annotations

Branches:
Dungeon (8/15)             Temple (0/1) D:7            Lair (4/5) D:8
  Swamp (0/4) Lair:2       Spider (0/4) Lair:3        Sewer (visited)
  Slime: Lair:4-5

Altars:
Hepliaklqana
Kikubaaqudgha
Ru
Wu Jian
Zin

Annotations:
D:2 1 runed translucent door, Crazy Yiuf


Message History

The wolf bites your black bear!
Your black bear dies!
Your black bear's corpse disappears in a puff of smoke!
The wolf bites you.
You bludgeon the wolf!!
You kill the wolf!
Trog accepts your kill.
The wolf closely misses you. x2; The wolf bites you.
The wolf bites you but does no damage. x2
You bludgeon the wolf!!
You kill the wolf!
Trog accepts your kill. The wolf bites you. The wolf completely misses you.
You furiously retaliate!
You headbutt the wolf! The wolf bites you.
The wolf bites you but does no damage. x2
You bludgeon the wolf!!
You feel the power of Trog in you as your rage grows.
You kill the wolf!
Trog accepts your kill. The wolf bites you. The wolf closely misses you.
The wolf barely misses you.
You thump the wolf!
The wolf is severely wounded.
The wolf barely misses you. The wolf bites you. The wolf closely misses you.
The wolf bites you!
You sock the wolf!
You kill the wolf!
Trog accepts your kill. The wolf bites you.
The wolf bites you but does no damage. The wolf closely misses you.
You miss the wolf. You headbutt the wolf!
The wolf is heavily wounded.
The wolf bites you but does no damage. The wolf bites you!
The wolf bites you but does no damage.
You miss the wolf.
The wolf is heavily wounded.
The wolf bites you but does no damage. The wolf bites you. x2
You closely miss the wolf.
The wolf is heavily wounded.
The wolf bites you.
You die...

......##...##..
................
.......!...#.P..
........#...... .
.....¤....#..# ...
....~~~~.....##....
....¤#~~...h%......
....~~~~..%@h......
#.........#..h#.....
...........P#...# .7.
....P###.........#
.....#~~..........#..
........#............
..........##..##.....
...P........#........
...........<......P..


You could see 3 wolves.

Vanquished Creatures
  A boulder beetle (Lair:2)
  3 hydras
  A catoblepas (Lair:3)
  Pikel (D:6)
  A manticore (D:8)
  A wolf spider (Lair:3)
  Maurice (D:8)
  10 elephants
  5 black mambas
  A rime drake (Lair:3)
  12 komodo dragons
  8 cane toads
  Maggie (D:6)
  Psyche (D:8)
  2 polar bears (Lair:4)
  2 hornets
  Prince Ribbit (D:8)
  8 blink frogs
  A wyvern (Lair:1)
  Eustachio (D:6)
  26 yaks
  Grum (D:8)
  2 basilisks
  A steam dragon (D:8)
  Menkaure (D:4)
  7 water moccasins
  Duvessa (D:6)
  An ice beast (D:5)
  2 orc warriors
  3 sky beasts
  4 black bears
  34 wolves
  A centaur (D:6)
  3 lemures (D:6)
  2 phantoms (D:5)
  Blork the orc (D:6)
  A kobold brigand (Sewer)
  2 gnoll sergeants (D:7)
  12 bullfrogs
  A necrophage (D:7)
  3 scorpions
  Dowan (D:6)
  9 killer bees (D:8)
  3 electric eels (Lair:2)
  3 lava snakes (Lair:3)
  A jelly (D:5)
  A gnoll bouda (D:5)
  3 orc priests
  3 hounds
  6 iguanas
  Jessica (D:2)
  Natasha (thrice) (D:2)
  7 orc wizards
  Robin (D:2)
  13 gnolls
  6 adders
  2 shadow imps
  A white imp (D:6)
  An ufetubus (D:5)
  3 worms
  2 dart slugs
  17 orcs
  4 endoplasms
  10 giant cockroaches
  17 goblins
  6 hobgoblins
  7 jackals
  4 quokkas
  13 ball pythons
  7 bats
  8 frilled lizards
  15 kobolds
  5 rats
  A bush (Lair:4)
  A butterfly (Lair:3)
356 creatures vanquished.

Vanquished Creatures (collateral kills)
  3 hydras
  A bullfrog (Lair:2)
  An electric eel (Lair:2)
5 creatures vanquished.

Vanquished Creatures (others)
  20 fungi
  52 plants
72 creatures vanquished.

Grand Total: 433 creatures vanquished

Notes
Turn   | Place    | Note
-------+----------+-------------------------------------------
     0 | D:1      | qw the Minotaur Berserker began the quest for the Orb.
     0 | D:1      | Reached XP level 1. HP: 19/19 MP: 0/0
     0 | D:1      | 0 ||| qw: Version: 0.1-a-119-g272c26d
     0 | D:1      | 0 ||| qw: Game counter: 10643
     0 | D:1      | 0 ||| qw: Always use a shield: true
     0 | D:1      | 0 ||| qw: Do Orc after D:15 true
     0 | D:1      | 0 ||| qw: Do second Lair branch before Depths: true
     0 | D:1      | 0 ||| qw: Lair rune preference: random
     0 | D:1      | 0 ||| qw: Plans: Normal
     0 | D:1      | 0 ||| PLANNING D:1-11
    12 | D:1      | 12 ||| SWAPPING to +0 war axe.
    23 | D:1      | 23 ||| DROPPING +0 hand axe.
   118 | D:1      | Reached skill level 4 in Axes
   243 | D:1      | Reached XP level 2. HP: 20/26 MP: 1/1
   739 | D:1      | 739 ||| Stepping ~*~*~tactically~*~*~ (stealth).
   745 | D:1      | 745 ||| Stepping ~*~*~tactically~*~*~ (stealth).
   746 | D:1      | 746 ||| Stepping ~*~*~tactically~*~*~ (stealth).
   751 | D:1      | Reached skill level 5 in Axes
   755 | D:1      | 755 ||| Stepping ~*~*~tactically~*~*~ (stealth).
   763 | D:1      | 763 ||| Stepping ~*~*~tactically~*~*~ (stealth).
   764 | D:1      | 764 ||| Stepping ~*~*~tactically~*~*~ (stealth).
   767 | D:1      | 767 ||| Stepping ~*~*~tactically~*~*~ (stealth).
   768 | D:1      | 768 ||| Stepping ~*~*~tactically~*~*~ (stealth).
   770 | D:1      | 770 ||| Stepping ~*~*~tactically~*~*~ (stealth).
   951 | D:1      | Found a faded altar of an unknown god.
   952 | D:1      | 952 ||| UPGRADING to +0 ring mail.
   962 | D:1      | 962 ||| DROPPING +0 animal skin.
   963 | D:1      | 963 ||| READING scroll labelled HEUROR ZAHI.
   964 | D:1      | 964 ||| READING scroll labelled ALIADEDIADGH.
   965 | D:1      | 965 ||| READING 2 scrolls labelled BUONOGHU POEZ.
   966 | D:1      | 966 ||| READING scroll labelled WIARIXK VIHOA.
   967 | D:1      | 967 ||| DROPPING scroll of magic mapping.
   992 | D:2      | Noticed Jessica
   993 | D:2      | Killed Jessica
   993 | D:2      | Reached ** piety under Trog
   994 | D:2      | Reached XP level 3. HP: 31/31 MP: 2/2
  1189 | D:2      | Noticed Natasha
  1190 | D:2      | 1190 ||| Stepping ~*~*~tactically~*~*~ (hiding).
  1194 | D:2      | 1194 ||| INVOKING Berserk.
  1200 | D:2      | Killed Natasha
  1201 | D:2      | Reached skill level 6 in Axes
  1201 | D:2      | Reached XP level 4. HP: 39/39 MP: 3/3
  1279 | D:2      | 1279 ||| Stepping ~*~*~tactically~*~*~ (stealth).
  1282 | D:2      | 1282 ||| Stepping ~*~*~tactically~*~*~ (stealth).
  1292 | D:2      | Noticed Robin
  1297 | D:2      | 1297 ||| INVOKING Berserk.
  1306 | D:2      | Killed Robin
  1645 | D:2      | Noticed Natasha
  1646 | D:2      | 1646 ||| INVOKING Berserk.
  1646 | D:2      | Killed Natasha
  1647 | D:2      | Reached skill level 7 in Axes
  1647 | D:2      | Reached XP level 5. HP: 45/45 MP: 4/4
  1779 | D:2      | Found a runed translucent door.
  1780 | D:2      | Noticed Crazy Yiuf
  1829 | D:2      | Noticed Natasha
  1832 | D:2      | 1832 ||| INVOKING Berserk.
  1833 | D:2      | Killed Natasha
  2332 | D:2      | 2332 ||| DROPPING scarf of shadows.
  2333 | D:2      | 2333 ||| READING scroll labelled KASUSONOHU.
  2367 | D:3      | 2367 ||| PLANNING SEWER
  2477 | D:3      | 2477 ||| Stepping ~*~*~tactically~*~*~ (hiding).
  2720 | D:3      | Found a glowing drain.
  2721 | D:3      | 2721 ||| UPGRADING to +0 scale mail.
  2731 | D:3      | 2731 ||| DROPPING +0 ring mail.
  2732 | D:3      | 2732 ||| READING 2 scrolls labelled GOSINWOUNE.
  2733 | D:3      | 2733 ||| DRINKING 2 bubbling white potions.
  2765 | Sewer    | Entered a sewer
  2791 | Sewer    | 2791 ||| Stepping ~*~*~tactically~*~*~ (water).
  2952 | Sewer    | Reached *** piety under Trog
  2958 | Sewer    | Reached skill level 8 in Axes
  2958 | Sewer    | Reached XP level 6. HP: 52/52 MP: 5/5
  3078 | Sewer    | 3078 ||| READING scroll labelled IJAG BEZOA.
  3179 | Sewer    | 3179 ||| DRINKING 3 sapphire potions.
  3179 | Sewer    | Gained mutation: You occasionally lose the ability to read
                  | scrolls when taking damage. [potion of mutation]
  3180 | Sewer    | 3180 ||| DRINKING 2 potions of mutation.
  3180 | Sewer    | Lost mutation: You occasionally lose the ability to read
                  | scrolls when taking damage. [potion of mutation]
  3180 | Sewer    | Gained mutation: You expend magic power (3 MP) to
                  | strengthen your wands. [potion of mutation]
  3180 | Sewer    | Gained mutation: Your flesh is cold resistant. (rC+)
                  | [potion of mutation]
  3181 | Sewer    | 3181 ||| DRINKING 2 sedimented inky potions.
  3186 | D:3      | 3186 ||| PLANNING D:1-11
  3196 | D:3      | 3196 ||| READING scroll of brand weapon.
  3196 | D:3      | 3196 ||| BRANDING +0 vorpal war axe.
  3197 | D:3      | 3197 ||| DROPPING +0 whip.
  3465 | D:3      | 3465 ||| READING scroll labelled XAT RILOIJ.
  3466 | D:3      | 3466 ||| READING 2 scrolls of identify.
  3466 | D:3      | 3466 ||| IDENTIFYING silvery potion
  3467 | D:3      | 3467 ||| DROPPING potion of berserk rage.
  3517 | D:4      | You fall into a shaft and drop 3 floors!
  3526 | D:7      | Reached skill level 1 in Throwing
  3594 | D:6      | Noticed Blork the orc
  3595 | D:6      | 3595 ||| INVOKING Berserk.
  3597 | D:6      | Killed Blork the orc
  3718 | D:5      | Entered Level 5 of the Dungeon
  3736 | D:5      | 3736 ||| INVOKING Berserk.
  3741 | D:5      | Reached skill level 9 in Axes
  3741 | D:5      | Reached XP level 7. HP: 59/59 MP: 6/6
  3889 | D:4      | Noticed Menkaure
  3890 | D:4      | 3890 ||| INVOKING Berserk.
  3892 | D:4      | Killed Menkaure
  4024 | D:4      | Reached skill level 10 in Axes
  4164 | D:4      | Found an ornate altar of the Wu Jian Council.
  4249 | D:4      | 4249 ||| Stepping ~*~*~tactically~*~*~ (stealth).
  4259 | D:4      | 4259 ||| Stepping ~*~*~tactically~*~*~ (stealth).
  4378 | D:4      | Found an ancient bone altar of Kikubaaqudgha.
  4408 | D:4      | 4408 ||| READING scroll of brand weapon.
  4408 | D:4      | 4408 ||| BRANDING +0 war axe of flaming.
  4526 | D:4      | 4526 ||| DROPPING +0 whip.
  4597 | D:4      | 4597 ||| Stepping ~*~*~tactically~*~*~ (hiding).
  4598 | D:4      | 4598 ||| Stepping ~*~*~tactically~*~*~ (hiding).
  4602 | D:4      | Reached **** piety under Trog
  4721 | D:4      | 4721 ||| INVOKING Berserk.
  4728 | D:4      | Reached skill level 6 in Fighting
  4728 | D:4      | Reached XP level 8. HP: 70/70 MP: 7/7
  4752 | D:4      | 4752 ||| Stepping ~*~*~tactically~*~*~ (cloud).
  4753 | D:4      | 4753 ||| Stepping ~*~*~tactically~*~*~ (cloud).
  5245 | D:4      | 5245 ||| UPGRADING to +0 chain mail.
  5255 | D:4      | 5255 ||| DROPPING +0 scale mail.
  5256 | D:4      | 5256 ||| READING scroll labelled BETHRI KAXYL.
  5256 | D:4      | Identified a scroll of acquirement
  5256 | D:4      | 5256 ||| ACQUIRING +1 vorpal broad axe
  5256 | D:4      | Acquired a +1 vorpal broad axe
  5258 | D:4      | 5258 ||| SWAPPING to +1 vorpal broad axe.
  5259 | D:4      | 5259 ||| DROPPING +0 vorpal war axe.
  5260 | D:4      | 5260 ||| READING scroll labelled XEDEAXKUZUO.
  5353 | D:5      | 5353 ||| Stepping ~*~*~tactically~*~*~ (hiding).
  5362 | D:5      | Reached skill level 3 in Armour
  5417 | D:5      | Found the +12 glaive of Prune {vorpal}
  5443 | D:5      | 5443 ||| INVOKING Berserk.
  5585 | D:5      | Reached skill level 11 in Axes
  5832 | D:5      | 5832 ||| INVOKING Berserk.
  6628 | D:5      | 6628 ||| UPGRADING to +0 cloak.
  6633 | D:5      | 6633 ||| READING 2 scrolls of enchant armour.
  6633 | D:5      | 6633 ||| ENCHANTING +0 cloak.
  6634 | D:5      | 6634 ||| READING scroll of enchant armour.
  6634 | D:5      | 6634 ||| ENCHANTING +1 cloak.
  6635 | D:5      | 6635 ||| UPGRADING to amulet of guardian spirit.
  6640 | D:5      | 6640 ||| READING scroll labelled PUG GOGULEFF.
  6643 | D:5      | 6643 ||| READING scroll labelled YCROCASOUF.
  6644 | D:5      | 6644 ||| READING scroll labelled VUROIRUFAZU.
  6789 | D:5      | 6789 ||| DRINKING 3 golden potions.
  6841 | D:6      | 6841 ||| Stepping ~*~*~tactically~*~*~ (hiding).
  6842 | D:6      | 6842 ||| Stepping ~*~*~tactically~*~*~ (hiding).
  6952 | D:6      | Noticed Dowan
  6953 | D:6      | Noticed Duvessa
  6955 | D:6      | 6955 ||| INVOKING Berserk.
  6958 | D:6      | Killed Dowan
  6959 | D:6      | Reached skill level 12 in Axes
  6965 | D:6      | Killed Duvessa
  7265 | D:6      | Reached XP level 9. HP: 60/79 MP: 8/8
  7586 | D:6      | Noticed Pikel
  7587 | D:6      | 7587 ||| Stepping ~*~*~tactically~*~*~ (stealth).
  7589 | D:6      | 7589 ||| Stepping ~*~*~tactically~*~*~ (stealth).
  7592 | D:6      | 7592 ||| INVOKING Berserk.
  7602 | D:6      | Killed Pikel
  7603 | D:6      | Reached skill level 13 in Axes
  7752 | D:6      | 7752 ||| Stepping ~*~*~tactically~*~*~ (hiding).
  7924 | D:6      | Noticed Eustachio
  7930 | D:6      | 7930 ||| INVOKING Berserk.
  7933 | D:6      | Killed Eustachio
  8172 | D:6      | Noticed Maggie
  8173 | D:6      | 8173 ||| Stepping ~*~*~tactically~*~*~ (hiding).
  8174 | D:6      | 8174 ||| Stepping ~*~*~tactically~*~*~ (hiding).
  8188 | D:6      | Killed Maggie
  8500 | D:6      | 8500 ||| READING scroll labelled DOVERUENNOL.
  8501 | D:6      | 8501 ||| READING scroll labelled DIOKHA SAOBRY.
  8502 | D:6      | 8502 ||| DRINKING 3 orange potions.
  8503 | D:6      | 8503 ||| READING 2 scrolls of identify.
  8503 | D:6      | 8503 ||| IDENTIFYING bubbling emerald potion
  8504 | D:6      | 8504 ||| DROPPING potion of degeneration.
  8636 | D:7      | 8636 ||| Stepping ~*~*~tactically~*~*~ (stealth).
  8646 | D:7      | 8646 ||| Stepping ~*~*~tactically~*~*~ (stealth).
  8647 | D:7      | 8647 ||| Stepping ~*~*~tactically~*~*~ (stealth).
  8653 | D:7      | 8653 ||| Stepping ~*~*~tactically~*~*~ (hiding).
  8658 | D:7      | 8658 ||| INVOKING Berserk.
  8845 | D:7      | Found a staircase to the Ecumenical Temple.
  8927 | D:7      | Reached skill level 14 in Axes
  8931 | D:7      | 8931 ||| INVOKING Berserk.
  9154 | D:7      | 9154 ||| Stepping ~*~*~tactically~*~*~ (stealth).
  9156 | D:7      | 9156 ||| Stepping ~*~*~tactically~*~*~ (stealth).
  9162 | D:7      | 9162 ||| INVOKING Berserk.
  9165 | D:7      | Reached skill level 3 in Dodging
  9312 | D:7      | 9312 ||| Stepping ~*~*~tactically~*~*~ (hiding).
  9322 | D:7      | 9322 ||| FLEEEEING.
  9323 | D:7      | 9323 ||| FLEEEEING.
  9324 | D:7      | 9324 ||| FLEEEEING.
  9325 | D:7      | 9325 ||| FLEEEEING.
  9326 | D:7      | 9326 ||| FLEEEEING.
  9327 | D:7      | 9327 ||| FLEEEEING.
  9328 | D:7      | 9328 ||| FLEEEEING.
  9329 | D:7      | 9329 ||| FLEEEEING.
  9330 | D:7      | 9330 ||| FLEEEEING.
  9333 | D:7      | 9333 ||| FLEEEEING.
  9334 | D:7      | 9334 ||| FLEEEEING.
  9335 | D:7      | 9335 ||| FLEEEEING.
  9336 | D:7      | 9336 ||| FLEEEEING.
  9337 | D:7      | 9337 ||| FLEEEEING.
  9338 | D:7      | 9338 ||| FLEEEEING.
  9339 | D:7      | 9339 ||| FLEEEEING.
  9340 | D:7      | 9340 ||| FLEEEEING.
  9341 | D:7      | 9341 ||| FLEEEEING.
  9342 | D:7      | 9342 ||| FLEEEEING.
  9343 | D:7      | 9343 ||| FLEEEEING.
  9344 | D:7      | 9344 ||| FLEEEEING.
  9345 | D:7      | 9345 ||| FLEEEEING.
  9346 | D:7      | 9346 ||| FLEEEEING.
  9347 | D:7      | 9347 ||| FLEEEEING.
  9348 | D:7      | 9348 ||| FLEEEEING.
  9349 | D:7      | 9349 ||| FLEEEEING.
  9350 | D:7      | 9350 ||| FLEEEEING.
  9440 | D:7      | Reached XP level 10. HP: 83/88 MP: 7/9
  9442 | D:7      | 9442 ||| Stepping ~*~*~tactically~*~*~ (stealth).
  9464 | D:7      | 9464 ||| Stepping ~*~*~tactically~*~*~ (hiding).
  9710 | D:7      | 9710 ||| UPGRADING to +0 plate armour.
  9720 | D:7      | 9720 ||| DROPPING +0 chain mail.
  9721 | D:7      | 9721 ||| READING scroll labelled CAMPAT UQEISI.
  9722 | D:7      | 9722 ||| DRINKING 2 coppery potions.
  9723 | D:7      | 9723 ||| READING 2 scrolls of identify.
  9723 | D:7      | 9723 ||| IDENTIFYING cyan potion
  9724 | D:7      | 9724 ||| DROPPING potion of brilliance.
  9725 | D:7      | 9725 ||| DROPPING potion of attraction.
  9744 | D:8      | Noticed Prince Ribbit
  9759 | D:8      | Killed Prince Ribbit
  9760 | D:8      | Reached skill level 6 in Armour
  9779 | D:8      | 9779 ||| Stepping ~*~*~tactically~*~*~ (stealth).
  9780 | D:8      | 9780 ||| Stepping ~*~*~tactically~*~*~ (stealth).
 10003 | D:8      | Noticed Psyche
 10005 | D:8      | 10005 ||| INVOKING Berserk.
 10015 | D:8      | Killed Psyche
 10018 | D:8      | 10018 ||| Stepping ~*~*~tactically~*~*~ (hiding).
 10021 | D:8      | 10021 ||| Stepping ~*~*~tactically~*~*~ (hiding).
 10201 | D:8      | 10201 ||| Stepping ~*~*~tactically~*~*~ (stealth).
 10204 | D:8      | 10204 ||| Stepping ~*~*~tactically~*~*~ (stealth).
 10208 | D:8      | Found a staircase to the Lair.
 10290 | D:8      | Found a sacrificial altar of Ru.
 10343 | D:8      | Noticed a manticore
 10344 | D:8      | 10344 ||| Stepping ~*~*~tactically~*~*~ (hiding).
 10350 | D:8      | 10350 ||| INVOKING Berserk.
 10353 | D:8      | Killed a manticore
 10354 | D:8      | Reached skill level 15 in Axes
 10461 | D:8      | Found a hazy altar of Hepliaklqana.
 10463 | D:8      | Found a glowing silver altar of Zin.
 10465 | D:8      | Identified the +5 short sword of Eternal Vigilance
                  | {protect, Fly rC+ Will- Dex+2}
 10582 | D:8      | 10582 ||| INVOKING Berserk.
 10719 | D:8      | Reached skill level 9 in Fighting
 10741 | D:8      | 10741 ||| Stepping ~*~*~tactically~*~*~ (stealth).
 10758 | D:8      | 10758 ||| Stepping ~*~*~tactically~*~*~ (stealth).
 10760 | D:8      | 10760 ||| Stepping ~*~*~tactically~*~*~ (stealth).
 10762 | D:8      | 10762 ||| Stepping ~*~*~tactically~*~*~ (stealth).
 10871 | D:8      | 10871 ||| Stepping ~*~*~tactically~*~*~ (stealth).
 10956 | D:8      | 10956 ||| Stepping ~*~*~tactically~*~*~ (stealth).
 10967 | D:8      | Noticed Grum
 10969 | D:8      | 10969 ||| INVOKING Berserk.
 10973 | D:8      | Killed Grum
 11090 | D:8      | Noticed Maurice
 11097 | D:8      | 11097 ||| Stepping ~*~*~tactically~*~*~ (hiding).
 11111 | D:8      | Killed Maurice
 11112 | D:8      | Reached skill level 16 in Axes
 11323 | D:8      | 11323 ||| PLANNING LAIR
 11323 | D:8      | 11323 ||| UPGRADING to +0 cloak of poison resistance.
 11333 | D:8      | 11333 ||| UPGRADING to ring of positive energy.
 11334 | D:8      | 11334 ||| UPGRADING to ring of positive energy.
 11335 | D:8      | 11335 ||| READING 2 scrolls labelled WACRALE HIGA.
 11336 | D:8      | 11336 ||| READING scroll of enchant weapon.
 11336 | D:8      | 11336 ||| ENCHANTING +2 vorpal broad axe.
 11337 | D:8      | 11337 ||| READING 2 scrolls of identify.
 11337 | D:8      | 11337 ||| IDENTIFYING purple potion
 11358 | Lair:1   | Entered Level 1 of the Lair of Beasts
 11370 | Lair:1   | 11370 ||| Stepping ~*~*~tactically~*~*~ (stealth).
 11447 | Lair:1   | Noticed a five-headed hydra
 11448 | Lair:1   | 11448 ||| INVOKING Brothers in Arms.
 11449 | Lair:1   | 11449 ||| INVOKING Brothers in Arms.
 11450 | Lair:1   | 11450 ||| INVOKING Brothers in Arms.
 11451 | Lair:1   | 11451 ||| INVOKING Brothers in Arms.
 11452 | Lair:1   | 11452 ||| SWAPPING to +0 vorpal flail.
 11452 | Lair:1   | Noticed a cane toad
 11453 | Lair:1   | 11453 ||| INVOKING Berserk.
 11456 | Lair:1   | Killed a five-headed hydra
 11457 | Lair:1   | Reached XP level 11. HP: 97/97 MP: 7/10
 11477 | Lair:1   | 11477 ||| SWAPPING to +3 vorpal broad axe.
 11549 | Lair:1   | 11549 ||| Stepping ~*~*~tactically~*~*~ (stealth).
 11550 | Lair:1   | 11550 ||| Stepping ~*~*~tactically~*~*~ (stealth).
 11645 | Lair:1   | Reached skill level 17 in Axes
 11703 | Lair:1   | 11703 ||| INVOKING Berserk.
 11927 | Lair:1   | 11927 ||| Stepping ~*~*~tactically~*~*~ (stealth).
 11930 | Lair:1   | 11930 ||| INVOKING Berserk.
 12226 | Lair:1   | 12226 ||| DRINKING 2 potions of cancellation.
 12228 | Lair:1   | 12228 ||| DRINKING potion of cancellation.
 12249 | Lair:1   | Reached skill level 18 in Axes
 12417 | Lair:1   | 12417 ||| Stepping ~*~*~tactically~*~*~ (stealth).
 12421 | Lair:1   | 12421 ||| Stepping ~*~*~tactically~*~*~ (stealth).
 12434 | Lair:1   | Reached skill level 9 in Armour
 12540 | Lair:1   | 12540 ||| INVOKING Berserk.
 12840 | Lair:2   | 12840 ||| INVOKING Berserk.
 12848 | Lair:2   | 12848 ||| STAIRDANCE
 12953 | Lair:2   | 12953 ||| INVOKING Berserk.
 12962 | Lair:2   | 12962 ||| FLEEEEING.
 12963 | Lair:2   | 12963 ||| STAIRDANCE
 13077 | Lair:2   | 13077 ||| STAIRDANCE
 13085 | Lair:2   | 13085 ||| STAIRDANCE
 13182 | Lair:2   | Noticed a seven-headed hydra
 13183 | Lair:2   | 13183 ||| INVOKING Brothers in Arms.
 13184 | Lair:2   | 13184 ||| INVOKING Brothers in Arms.
 13187 | Lair:2   | 13187 ||| SWAPPING to +0 vorpal flail.
 13188 | Lair:2   | 13188 ||| INVOKING Berserk.
 13192 | Lair:2   | Killed a seven-headed hydra
 13196 | Lair:2   | 13196 ||| SWAPPING to +3 vorpal broad axe.
 13275 | Lair:2   | 13275 ||| INVOKING Berserk.
 13324 | Lair:2   | 13324 ||| INVOKING Berserk.
 13327 | Lair:2   | Reached XP level 12. HP: 110/110 MP: 11/11
 13422 | Lair:2   | 13422 ||| INVOKING Berserk.
 13435 | Lair:2   | 13435 ||| FLEEEEING.
 13438 | Lair:2   | 13438 ||| STAIRDANCE
 13621 | Lair:2   | Found a staircase to the Swamp.
 13629 | Lair:2   | 13629 ||| INVOKING Berserk.
 13665 | Lair:2   | Reached skill level 12 in Fighting
 13989 | Lair:2   | Noticed a boulder beetle
 13999 | Lair:2   | 13999 ||| INVOKING Berserk.
 14006 | Lair:2   | Killed a boulder beetle
 14196 | Lair:2   | Noticed a six-headed hydra
 14197 | Lair:2   | 14197 ||| Stepping ~*~*~tactically~*~*~ (stealth).
 14198 | Lair:2   | 14198 ||| INVOKING Brothers in Arms.
 14199 | Lair:2   | 14199 ||| INVOKING Brothers in Arms.
 14200 | Lair:2   | 14200 ||| INVOKING Brothers in Arms.
 14201 | Lair:2   | 14201 ||| INVOKING Brothers in Arms.
 14202 | Lair:2   | 14202 ||| SWAPPING to +0 vorpal flail.
 14203 | Lair:2   | 14203 ||| INVOKING Berserk.
 14207 | Lair:2   | Killed a six-headed hydra
 14216 | Lair:2   | 14216 ||| SWAPPING to +3 vorpal broad axe.
 14364 | Lair:2   | 14364 ||| INVOKING Berserk.
 14543 | Lair:2   | 14543 ||| Stepping ~*~*~tactically~*~*~ (stealth).
 15006 | Lair:2   | 15006 ||| UPGRADING to +0 pair of boots.
 15011 | Lair:2   | 15011 ||| DROPPING scarf of invisibility.
 15028 | Lair:3   | 15028 ||| Stepping ~*~*~tactically~*~*~ (stealth).
 15030 | Lair:3   | 15030 ||| INVOKING Berserk.
 15194 | Lair:3   | Found a hole to the Spider Nest.
 15197 | Lair:3   | 15197 ||| INVOKING Berserk.
 15391 | Lair:3   | 15391 ||| FLEEEEING.
 15392 | Lair:3   | 15392 ||| FLEEEEING.
 15393 | Lair:3   | 15393 ||| FLEEEEING.
 15394 | Lair:3   | 15394 ||| FLEEEEING.
 15395 | Lair:3   | 15395 ||| FLEEEEING.
 15396 | Lair:3   | 15396 ||| FLEEEEING.
 15397 | Lair:3   | 15397 ||| FLEEEEING.
 15398 | Lair:3   | 15398 ||| FLEEEEING.
 15399 | Lair:3   | 15399 ||| FLEEEEING.
 15400 | Lair:3   | 15400 ||| FLEEEEING.
 15449 | Lair:3   | Noticed a catoblepas
 15450 | Lair:3   | 15450 ||| FLEEEEING.
 15451 | Lair:3   | 15451 ||| FLEEEEING.
 15455 | Lair:3   | 15455 ||| FLEEEEING.
 15459 | Lair:3   | 15459 ||| STAIRDANCE
 15587 | Lair:3   | 15587 ||| INVOKING Berserk.
 15592 | Lair:3   | Killed a catoblepas
 15789 | Lair:3   | 15789 ||| INVOKING Berserk.
 15800 | Lair:3   | Reached skill level 12 in Armour
 15960 | Lair:3   | 15960 ||| Stepping ~*~*~tactically~*~*~ (stealth).
 15965 | Lair:3   | 15965 ||| INVOKING Berserk.
 16147 | Lair:3   | 16147 ||| Stepping ~*~*~tactically~*~*~ (stealth).
 16150 | Lair:3   | 16150 ||| FLEEEEING.
 16151 | Lair:3   | 16151 ||| FLEEEEING.
 16152 | Lair:3   | 16152 ||| FLEEEEING.
 16153 | Lair:3   | 16153 ||| FLEEEEING.
 16156 | Lair:3   | 16156 ||| FLEEEEING.
 16157 | Lair:3   | 16157 ||| FLEEEEING.
 16158 | Lair:3   | 16158 ||| FLEEEEING.
 16159 | Lair:3   | 16159 ||| FLEEEEING.
 16160 | Lair:3   | 16160 ||| FLEEEEING.
 16161 | Lair:3   | 16161 ||| FLEEEEING.
 16162 | Lair:3   | 16162 ||| FLEEEEING.
 16163 | Lair:3   | 16163 ||| FLEEEEING.
 16164 | Lair:3   | 16164 ||| FLEEEEING.
 16165 | Lair:3   | 16165 ||| FLEEEEING.
 16167 | Lair:3   | 16167 ||| FLEEEEING.
 16180 | Lair:3   | Noticed a seven-headed hydra
 16181 | Lair:3   | 16181 ||| FLEEEEING.
 16182 | Lair:3   | 16182 ||| FLEEEEING.
 16184 | Lair:3   | 16184 ||| STAIRDANCE
 16257 | Lair:3   | 16257 ||| SWAPPING to +0 vorpal flail.
 16258 | Lair:3   | 16258 ||| INVOKING Berserk.
 16262 | Lair:3   | Killed a seven-headed hydra
 16271 | Lair:3   | 16271 ||| SWAPPING to +3 vorpal broad axe.
 16443 | Lair:3   | 16443 ||| Stepping ~*~*~tactically~*~*~ (stealth).
 16560 | Lair:3   | 16560 ||| INVOKING Berserk.
 16993 | Lair:4   | Noticed a seven-headed hydra
 16998 | Lair:4   | 16998 ||| SWAPPING to +0 vorpal flail.
 16999 | Lair:4   | 16999 ||| INVOKING Berserk.
 17003 | Lair:4   | Killed a seven-headed hydra
 17011 | Lair:4   | 17011 ||| SWAPPING to +3 vorpal broad axe.
 17065 | Lair:4   | 17065 ||| INVOKING Berserk.
 17084 | Lair:4   | Reached XP level 13. HP: 109/124 MP: 9/12
 17238 | Lair:4   | 17238 ||| INVOKING Berserk.
 17400 | Lair:4   | 17400 ||| INVOKING Berserk.
 17431 | Lair:4   | 17431 ||| Stepping ~*~*~tactically~*~*~ (stealth).
 17432 | Lair:4   | 17432 ||| Stepping ~*~*~tactically~*~*~ (stealth).
 17459 | Lair:4   | 17459 ||| READING scroll of enchant weapon.
 17459 | Lair:4   | 17459 ||| ENCHANTING +3 vorpal broad axe.
 17609 | Lair:4   | 17609 ||| Stepping ~*~*~tactically~*~*~ (stealth).
 17610 | Lair:4   | 17610 ||| Stepping ~*~*~tactically~*~*~ (stealth).
 17611 | Lair:4   | 17611 ||| Stepping ~*~*~tactically~*~*~ (stealth).
 17623 | Lair:4   | 17623 ||| INVOKING Berserk.
 17785 | Lair:4   | 17785 ||| INVOKING Brothers in Arms.
 17786 | Lair:4   | 17786 ||| INVOKING Brothers in Arms.
 17787 | Lair:4   | 17787 ||| SWAPPING to +0 vorpal flail.
 17788 | Lair:4   | 17788 ||| INVOKING Berserk.
 17793 | Lair:4   | Reached skill level 15 in Fighting
 17799 | Lair:4   | HP: 42/189 [wolf (6)]
 17800 | Lair:4   | Reached skill level 6 in Dodging
 17804 | Lair:4   | HP: 30/189 [wolf (1)]
 17808 | Lair:4   | HP: 14/189 [wolf (1)]
 17810 | Lair:4   | HP: 6/189 [wolf (2)]
 17810 | Lair:4   | HP: 1/189 [wolf (5)]
 17811 | Lair:4   | Slain by a wolf

Levels and vault maps discovered:
D:1:      heliophobic_arrival_enchanted_forest, layout_basic,
          shapermc_ecumenical_altar_hornbeckon, minmay_lizard_king
D:2:      layout_loops_ring, uniq_crazy_yiuf_cottage, uniq_jessica,
          uniq_natasha, uniq_robin
D:3:      layout_basic, gup_sewer_entry_glass
D:4:      layout_gridville, mainiacjoe_overflow_cross_hatched,
          mainiacjoe_overflow_alcove_4, serial_bayou, serial_bayou_pond_c,
          serial_bayou_crossing, serial_bayou_shore_b, serial_bayou_lake_a,
          serial_bayou_pond_b, uniq_menkaure
D:5:      layout_basic, serial_co_window_serial, co_window_paths_a,
          co_window_of_opportunity_a, co_window_corner_a, co_window_corner_a,
          co_window_paths_b, co_window_corner_ca, co_window_cross_2,
          co_window_paths_c, glass_columns_b, kennysheep_generic_room_11
D:6:      layout_cave_pods, nicolae_sextant, uniq_duvessa, uniq_eustachio,
          uniq_pikel, uniq_blork_the_orc, uniq_maggie
D:7:      layout_loops_cross, minmay_temple_entry_mist, minmay_chambers_of_fives
D:8:      layout_cave_pools, hangedman_ru_absence,
          mainiacjoe_overflow_divided_tiny, dpeg_oklobed_lair, minivault_27,
          kennysheep_windowed_goal, uniq_psyche, uniq_maurice,
          uniq_prince_ribbit1, uniq_grum
Lair:1:   layout_regular_city, grunt_megastairs_3
Lair:2:   layout_gridlike, minmay_swamp_entry_eels, fungi_pond_lemuel,
          st_stairs_10, beast_lair_carwin_8
Lair:3:   layout_gridlike, spider_nest_entry_rubble, grunt_megastairs_5,
          lemuel_fruit_fields, serial_bayou_shore_b
Lair:4:   layout_gridlike, hellmonk_ghost_happy_afterlife,
          grunt_forest_large_clearings

Skill      XL: |  1  2  3  4  5  6  7  8  9 10 11 12 13 |
---------------+----------------------------------------+-----
Axes           | 4 5 6 7 8 9 10 12 14 16 18 | 18.0
Fighting       | 4 6 7 8 9 11 14 15 | 15.0
Throwing       | 1 2 |  2.1
Armour         | 4 5 8 10 12 13 | 13.2
Dodging        | 3 4 5 6 |  6.0

Action                   |  1- 3 |  4- 6 |  7- 9 | 10-12 | 13-15 || total
-------------------------+-------+-------+-------+-------+-------++-------
Melee: War axe           |    62 |   124 |    70 |       |       ||   256
       Headbutt          |     6 |    20 |    32 |    73 |    10 ||   141
       Broad axe         |       |       |   148 |   345 |    50 ||   543
       Punch             |       |       |     2 |     2 |     1 ||     5
       Flail             |       |       |       |    21 |    23 ||    44
Throw: Javelin           |       |     6 |    16 |       |       ||    22
Invok: Berserk           |     1 |     5 |    10 |    27 |     4 ||    47
       Brothers in Arms  |       |       |       |     3 |     1 ||     4
  Use: Scroll            |     4 |     6 |    11 |     5 |     1 ||    27
       Potion            |       |     4 |     2 |     3 |       ||     9
 Stab: Distracted        |       |       |       |       |     1 ||     1
Armor: Animal skin       |    11 |       |       |       |       ||    11
       Ring mail         |     6 |    23 |       |       |       ||    29
       Scale mail        |       |    20 |    41 |       |       ||    61
       Chain mail        |       |       |    64 |     3 |       ||    67
       Plate armour      |       |       |       |   177 |    69 ||   246
Dodge: Dodged            |    24 |    54 |    91 |   110 |    74 ||   353

Table legend:
 A = Non-vault XP
 B = Vault XP
 C = Vault XP percentage of total XP
 D = Non-vault monster count
 E = Vault monster count
 F = Vault count percentage of total count
                 A         B        C        D         E       F
            +---------+---------+-------+---------+---------+-------
      Total |   32403 |   13611 |  29.6 |     246 |     110 |  30.9
            +---------+---------+-------+---------+---------+-------
        D:1 |      33 |       6 |  15.4 |      20 |       6 |  23.1
        D:2 |     151 |     107 |  41.5 |      19 |      14 |  42.4
        D:3 |      22 |      17 |  43.6 |      12 |       3 |  20.0
        D:4 |     426 |     181 |  29.8 |      29 |       3 |   9.4
        D:5 |    1080 |       0 |   0.0 |      22 |       0 |   0.0
        D:6 |     741 |    1533 |  67.4 |       9 |       6 |  40.0
        D:7 |     862 |     532 |  38.2 |      23 |       5 |  17.9
        D:8 |    1634 |    1869 |  53.4 |      16 |       8 |  33.3
     Lair:1 |    6667 |    2822 |  29.7 |      30 |       6 |  16.7
     Lair:2 |    7306 |    2292 |  23.9 |      23 |      13 |  36.1
     Lair:3 |    5876 |    1564 |  21.0 |      23 |       4 |  14.8
     Lair:4 |    7605 |    2563 |  25.2 |      20 |      19 |  48.7
      Sewer |       0 |     125 | 100.0 |       0 |      23 | 100.0
            +---------+---------+-------+---------+---------+-------
